[Event "Reykjavik Open 2025"]
[Site "Reykjavik"]
[Date "2025.04.13"]
[Round "6.20"]
[White "Kilic, Eray"]
[Black "Gajcin, Marina"]
[Result "1/2-1/2"]
[Annotator "ChessBase"]
[ECO "B30"]
[WhiteElo "2473"]
[BlackElo "2217"]
[PlyCount "143"]
[EventDate "2025.04.09"]
[EventType "swiss"]
[EventCountry "ISL"]
[SourceTitle "playchess.com"]
[Source "ChessBase"]
[SourceQuality "1"]
[TimeControl "40/5400+30:1800+30"]

1. e4 c5 2. Nf3 Nc6 3. Nc3 Nf6 4. Bb5 Nd4 5. e5 Nxb5 6. Nxb5 Nd5 7. O-O a6 8. c4 Nb4 9. Nc3 d6 10. d4 cxd4 11. Qa4+ Nc6 12. Nd5 dxe5 13. Nxe5 b5 14. Nxc6 bxa4 15. Nxd8 Kxd8 16. Bd2 Rb8 17. Ba5+ Kd7 18. Rfd1 e6 19. Nb6+ Kc6 20. Nxa4 e5 21. Rac1 g6 22. Bd2 f5 23. Re1 e4 24. Bf4 Rb4 25. Be5 Rg8 26. b3 d3 27. Bc3 Rxa4 28. bxa4 Bh6 29. Rb1 Be6 30. Bd4 Bxc4 31. Be3 f4 32. Bd2 Re8 33. g3 e3 34. gxf4 exd2 35. Rxe8 Bxa2 36. Rd1 Bxf4 37. Rd8 Bd5 38. Rc8+ Kd6 39. Rc3 Be4 40. f3 Bf5 41. Kf2 Kd5 42. a5 g5 43. Rb3 Kd4 44. Rb6 Be3+ 45. Kg2 Kc3 46. Rc6+ Kb2 47. Rf1 Bd7 48. Rxa6 Kc2 49. Rd6 Bb5 50. Rd5 Bc4 51. Re5 d1=Q 52. Rxd1 Kxd1 53. Rxe3 d2 54. Ra3 Ke2 55. Ra1 Bd5 56. Kg3 Bxf3 57. Ra2 Bd5 58. Rxd2+ Kxd2 59. Kg4 h6 60. Kh5 Ke3 61. Kxh6 Kf4 62. a6 Kg4 63. a7 Be4 64. Kg7 Kh4 65. Kf6 g4 66. Ke5 Ba8 67. Kf4 Bb7 68. Kf5 Bc6 69. Kf4 Kh5 70. Kg3 Kg5 71. h3 gxh3 72. Kxh3 1/2-1/2

[Event "Reykjavik Open 2025"]
[Site "Reykjavik"]
[Date "2025.04.13"]
[Round "6.21"]
[White "Licznerski, Lukasz"]
[Black "Kracht, Raphael"]
[Result "0-1"]
[Annotator "ChessBase"]
[ECO "C48"]
[WhiteElo "2436"]
[BlackElo "2196"]
[PlyCount "148"]
[EventDate "2025.04.09"]
[EventType "swiss"]
[EventCountry "ISL"]
[SourceTitle "playchess.com"]
[Source "ChessBase"]
[SourceQuality "1"]
[TimeControl "40/5400+30:1800+30"]

1. e4 e5 2. Nf3 Nc6 3. Bb5 Nf6 4. d3 Bc5 5. Bxc6 dxc6 6. Nc3 Be6 7. Qe2 Nd7 8. Be3 Qe7 9. Bxc5 Qxc5 10. O-O-O O-O-O 11. d4 exd4 12. Rxd4 g5 13. Qe3 g4 14. Ng5 Qe5 15. Nxe6 fxe6 16. Rhd1 c5 17. R4d3 Rhf8 18. Nb5 Qf4 19. Nxa7+ Kb8 20. Qxf4 Rxf4 21. Rxd7 Rxd7 22. Rxd7 Kxa7 23. Rd2 Rxe4 24. Kd1 Re5 25. Rd3 Rh5 26. h3 gxh3 27. Rxh3 Rd5+ 28. Ke2 h5 29. Re3 Rg5 30. g3 e5 31. Kd3 Rf5 32. Re2 Kb6 33. Ke4 Rg5 34. Re3 Kc6 35. Rf3 h4 36. Rf6+ Kd7 37. gxh4 Rg4+ 38. Kxe5 Rxh4 39. c3 b6 40. Kd5 Rh5+ 41. Kc4 Rh1 42. Rf3 Kc6 43. Rf6+ Kd7 44. Rf3 Kc6 45. Re3 Rd1 46. Re6+ Kd7 47. Re2 Kc6 48. Kb3 Rc1 49. Kc4 Rd1 50. a4 Ra1 51. b3 Rd1 52. Re6+ Kd7 53. Rf6 Rb1 54. f4 Rb2 55. Rf7+ Kd6 56. Rf6+ Kd7 57. a5 bxa5 58. Rf5 Rf2 59. Kxc5 Rf3 60. Kc4 c6 61. Kd4 Kd6 62. Rf6+ Kd7 63. f5 Kc7 64. c4 Rxb3 65. Kc5 Rf3 66. Rf7+ Kd8 67. Kxc6 a4 68. Ra7 a3 69. c5 Re3 70. f6 Re6+ 71. Kb7 Re3 72. c6 Rb3+ 73. Ka8 Kc8 74. f7 Rb8# 0-1

[Event "Reykjavik Open 2025"]
[Site "Reykjavik"]
[Date "2025.04.13"]
[Round "6.22"]
[White "Hagner, Bennet"]
[Black "Shafer, Logan C"]
[Result "1/2-1/2"]
[Annotator "ChessBase"]
[ECO "B15"]
[WhiteElo "2430"]
[BlackElo "2193"]
[PlyCount "77"]
[EventDate "2025.04.09"]
[EventType "swiss"]
[EventCountry "ISL"]
[SourceTitle "playchess.com"]
[Source "ChessBase"]
[SourceQuality "1"]
[TimeControl "40/5400+30:1800+30"]

1. e4 c6 2. d4 d5 3. Nc3 dxe4 4. Nxe4 Nf6 5. Nxf6+ exf6 6. Be3 Bd6 7. Bd3 O-O 8. Ne2 Re8 9. Qd2 Nd7 10. O-O-O Nf8 11. d5 c5 12. Bf4 Ng6 13. Bxd6 Qxd6 14. Bxg6 hxg6 15. h4 Qa6 16. Nc3 b5 17. Rde1 Rxe1+ 18. Qxe1 Bd7 19. Qe7 b4 20. Nd1 Qb5 21. Ne3 Re8 22. Qd6 c4 23. h5 b3 24. axb3 cxb3 25. c4 Rc8 26. Kb1 Qa4 27. Qa3 Rxc4 28. Nxc4 Qxc4 29. hxg6 fxg6 30. d6 a6 31. Ka1 g5 32. Re1 Qb5 33. f3 g4 34. fxg4 Bxg4 35. Rc1 Bd7 36. Rd1 Kh8 37. Rg1 Kh7 38. Rc1 Kg8 39. Qc5 1/2-1/2

[Event "Reykjavik Open 2025"]
[Site "Reykjavik"]
[Date "2025.04.13"]
[Round "6.23"]
[White "Gislason, Gudmundur"]
[Black "Lu, Miaoyi"]
[Result "0-1"]
[Annotator "ChessBase"]
[ECO "E01"]
[WhiteElo "2216"]
[BlackElo "2429"]
[PlyCount "64"]
[EventDate "2025.04.09"]
[EventType "swiss"]
[EventCountry "ISL"]
[SourceTitle "playchess.com"]
[Source "ChessBase"]
[SourceQuality "1"]
[TimeControl "40/5400+30:1800+30"]

1. d4 Nf6 2. Nf3 d5 3. c4 e6 4. g3 dxc4 5. Qa4+ Bd7 6. Qxc4 b5 7. Qc2 Na6 8. Bg2 c5 9. Ne5 Rc8 10. O-O cxd4 11. Qd1 Nb4 12. Na3 Bc5 13. Bg5 h6 14. Bd2 Nfd5 15. Rc1 Qe7 16. Qb3 a5 17. Bxd5 a4 18. Rxc5 axb3 19. Bxb4 Rxc5 20. Bxb3 Rxe5 21. Bxe7 Kxe7 22. Re1 Rc8 23. Nc2 d3 24. exd3 Rxe1+ 25. Nxe1 Rc1 26. Kf1 Rb1 27. Ke2 Rxb2+ 28. Ke3 Bc6 29. d4 Bd5 30. Nd3 Rb1 31. Nc5 Bxb3 32. axb3 Kd6 0-1

[Event "Reykjavik Open 2025"]
[Site "Reykjavik"]
[Date "2025.04.13"]
[Round "6.24"]
[White "Yankelevich, Lev"]
[Black "Martin, Nils"]
[Result "1-0"]
[Annotator "ChessBase"]
[ECO "C78"]
[WhiteElo "2413"]
[BlackElo "2181"]
[PlyCount "79"]
[EventDate "2025.04.09"]
[EventType "swiss"]
[EventCountry "ISL"]
[SourceTitle "playchess.com"]
[Source "ChessBase"]
[SourceQuality "1"]
[TimeControl "40/5400+30:1800+30"]

1. e4 e5 2. Nf3 Nc6 3. Bb5 a6 4. Ba4 Nf6 5. O-O b5 6. Bb3 Bb7 7. d3 Bc5 8. Bg5 h6 9. Be3 d6 10. Nc3 Rb8 11. a4 Bc8 12. axb5 axb5 13. h3 O-O 14. Qd2 Qe7 15. Nd5 Nxd5 16. exd5 Nd4 17. Bxd4 Bxd4 18. Nxd4 exd4 19. Qf4 Qg5 20. Qxg5 hxg5 21. f4 g4 22. hxg4 Bxg4 23. Ra7 Rfc8 24. f5 Ra8 25. Rb7 Rab8 26. Rxb8 Rxb8 27. Rf4 Bd1 28. Rxd4 Ra8 29. Re4 Ra1 30. Kf2 f6 31. Re8+ Kf7 32. Rc8 Ra7 33. Ke3 Rb7 34. Kf4 Ke7 35. g4 Kf7 36. Rh8 Ra7 37. Rh1 Ra1 38. c3 Ra4+ 39. Bxa4 Bxa4 40. Rh8 1-0

[Event "Reykjavik Open 2025"]
[Site "Reykjavik"]
[Date "2025.04.13"]
[Round "6.25"]
[White "Garbuz, Vitaliy"]
[Black "Thorfinnsson, Bjorn"]
[Result "1/2-1/2"]
[Annotator "ChessBase"]
[ECO "C58"]
[WhiteElo "2203"]
[BlackElo "2386"]
[PlyCount "160"]
[EventDate "2025.04.09"]
[EventType "swiss"]
[EventCountry "ISL"]
[SourceTitle "playchess.com"]
[Source "ChessBase"]
[SourceQuality "1"]
[TimeControl "40/5400+30:1800+30"]

1. e4 e5 2. Nf3 Nc6 3. Bc4 Nf6 4. Ng5 d5 5. exd5 Na5 6. Bb5+ Bd7 7. Qe2 Be7 8. Nf3 O-O 9. Bxd7 Qxd7 10. Nxe5 Qxd5 11. O-O Bd6 12. Nf3 Rfe8 13. Qd1 Nc6 14. d3 Nd4 15. Nxd4 Qxd4 16. Nd2 Ng4 17. Nf3 Qf6 18. h3 Ne5 19. Ng5 Bf8 20. f4 Nc6 21. f5 Rad8 22. Qh5 h6 23. Ne4 Qd4+ 24. Kh1 Rxe4 25. dxe4 Qxe4 26. Bf4 Qxc2 27. Rad1 Rxd1 28. Rxd1 Qxb2 29. Rd7 Qxa2 30. Rxc7 Nd4 31. Qd1 Qf2 32. Bh2 Nxf5 33. Rc8 Qe3 34. Qd8 Qa3 35. Qd7 g6 36. Be5 a5 37. Rc7 Qa2 38. Rc8 Qa3 39. Rc7 Qa2 40. Rc8 Qa3 41. Qd8 Qe7 42. g4 Qxd8 43. Rxd8 Ng7 44. Ra8 Ne6 45. Rxa5 f6 46. Bxf6 Kf7 47. Bc3 Bc5 48. Ra8 Nf4 49. h4 h5 50. gxh5 gxh5 51. Rh8 Bf2 52. Bd2 Ng6 53. Rxh5 Nxh4 54. Rh7+ Ke6 55. Rxb7 Bc5 56. Rh7 Nf3 57. Bc3 Ng5 58. Rh5 Kf5 59. Bd2 Be7 60. Kg2 Kg6 61. Rh8 Bf6 62. Ra8 Ne4 63. Be3 Kf5 64. Ra5+ Kg4 65. Ra4 Kf5 66. Kf3 Ng5+ 67. Bxg5 Bxg5 68. Ra5+ Kf6 69. Kg4 Be3 70. Kf3 Bg1 71. Ke4 Ke6 72. Ra6+ Kd7 73. Rg6 Bf2 74. Kd5 Kc7 75. Rc6+ Kb7 76. Rc2 Be3 77. Kd6 Bf4+ 78. Kd5 Be3 79. Rb2+ Ka8 80. Kc6 Bd4 1/2-1/2

[Event "Reykjavik Open 2025"]
[Site "Reykjavik"]
[Date "2025.04.13"]
[Round "6.26"]
[White "Clyde, Jordan"]
[Black "Akesson, Ralf"]
[Result "0-1"]
[Annotator "ChessBase"]
[ECO "A60"]
[WhiteElo "2095"]
[BlackElo "2361"]
[PlyCount "114"]
[EventDate "2025.04.09"]
[EventType "swiss"]
[EventCountry "ISL"]
[SourceTitle "playchess.com"]
[Source "ChessBase"]
[SourceQuality "1"]
[TimeControl "40/5400+30:1800+30"]

1. d4 Nf6 2. g3 c5 3. d5 e6 4. c4 exd5 5. cxd5 b5 6. Bg2 d6 7. e4 Nbd7 8. Ne2 g6 9. O-O Bg7 10. Bf4 Qe7 11. Nec3 Rb8 12. a4 a6 13. axb5 axb5 14. Qe2 c4 15. Na3 Nh5 16. Naxb5 Nxf4 17. gxf4 O-O 18. Qxc4 Qf6 19. Ne2 Bh6 20. Rfb1 Bxf4 21. Nxf4 Qxf4 22. Nd4 Ne5 23. Qc3 Bd7 24. Ne2 Qh4 25. f4 Ng4 26. Qg3 Qd8 27. h3 Qb6+ 28. Kh1 Ne3 29. Qf2 Bb5 30. b4 Nxg2 31. Kxg2 Bd3 32. Rb2 Bxe4+ 33. Kg3 Bxd5 34. Rd1 Be6 35. Nc3 Rfc8 36. Qd2 Rc4 37. b5 Rbc8 38. Ne2 d5 39. Kg2 Re4 40. Nc3 Rec4 41. Ne2 Bf5 42. Nd4 Be4+ 43. Kh2 Qf6 44. Qf2 Rc1 45. Rbd2 R8c3 46. Ne2 Rxd1 47. Rxd1 Rc2 48. Qe3 Qb2 49. Re1 Qxb5 50. Kg1 Qb2 51. Kf1 Rd2 52. Kg1 Bd3 53. Qe8+ Kg7 54. f5 Bxe2 55. f6+ Qxf6 56. Rxe2 Rd1+ 57. Re1 Qd4+ 0-1

[Event "Reykjavik Open 2025"]
[Site "Reykjavik"]
[Date "2025.04.13"]
[Round "6.27"]
[White "Nguyen, Paul"]
[Black "Bekker, Stefan"]
[Result "0-1"]
[Annotator "ChessBase"]
[ECO "E11"]
[WhiteElo "1936"]
[BlackElo "2358"]
[PlyCount "70"]
[EventDate "2025.04.09"]
[EventType "swiss"]
[EventCountry "ISL"]
[SourceTitle "playchess.com"]
[Source "ChessBase"]
[SourceQuality "1"]
[TimeControl "40/5400+30:1800+30"]

1. d4 Nf6 2. c4 e6 3. Nf3 Bb4+ 4. Nbd2 d5 5. Qa4+ Nc6 6. e3 a5 7. a3 Be7 8. Qc2 a4 9. Bd3 Bd7 10. O-O Na5 11. Ne5 dxc4 12. Ndxc4 Nb3 13. Rb1 O-O 14. Rd1 Bb5 15. Nd2 Bxd3 16. Nxd3 Qd5 17. Nxb3 axb3 18. Qe2 Qb5 19. Bd2 b6 20. Nc1 Qxe2 21. Nxe2 c5 22. Rbc1 Rfc8 23. dxc5 bxc5 24. Nc3 c4 25. Be1 Ng4 26. Rd4 Ne5 27. Rcd1 Nd3 28. R1xd3 cxd3 29. Rxd3 Rd8 30. Rxd8+ Rxd8 31. Kf1 Bxa3 32. bxa3 b2 33. Ke2 Rc8 34. Nb1 Rc1 35. Nd2 Rc2 0-1

[Event "Reykjavik Open 2025"]
[Site "Reykjavik"]
[Date "2025.04.13"]
[Round "6.28"]
[White "Stolyarov, Alan"]
[Black "Li, Guohao"]
[Result "0-1"]
[Annotator "ChessBase"]
[ECO "D36"]
[WhiteElo "1889"]
[BlackElo "2356"]
[PlyCount "80"]
[EventDate "2025.04.09"]
[EventType "swiss"]
[EventCountry "ISL"]
[SourceTitle "playchess.com"]
[Source "ChessBase"]
[SourceQuality "1"]
[TimeControl "40/5400+30:1800+30"]

1. d4 d5 2. c4 e6 3. Nc3 Nf6 4. cxd5 exd5 5. Bg5 c6 6. e3 Be7 7. Bd3 O-O 8. Qc2 Nbd7 9. Nge2 h6 10. Bh4 Re8 11. O-O Nh5 12. Bxe7 Qxe7 13. Rab1 a5 14. Na4 Qd6 15. a3 Nhf6 16. Ng3 b5 17. Nc5 Nxc5 18. dxc5 Qe5 19. b4 axb4 20. axb4 Ra3 21. Rb3 Ra4 22. Qb2 Ng4 23. h3 Qxb2 24. Rxb2 Ne5 25. Bc2 Ra3 26. Rd1 Be6 27. Ne2 Rea8 28. Bb3 Ra1 29. Rbb1 Rxb1 30. Rxb1 Bf5 31. Rd1 Ra3 32. Bxd5 Bd3 33. Nf4 cxd5 34. Nxd3 Nxd3 35. c6 Rc3 36. c7 Nxb4 37. Rb1 Na6 38. Rxb5 Nxc7 39. Rb8+ Kh7 40. Rd8 Rc5 0-1

[Event "Reykjavik Open 2025"]
[Site "Reykjavik"]
[Date "2025.04.13"]
[Round "6.29"]
[White "Ragnarsson, Dagur"]
[Black "Sleczka, Bartosz"]
[Result "1/2-1/2"]
[Annotator "ChessBase"]
[ECO "C47"]
[WhiteElo "2352"]
[BlackElo "1920"]
[PlyCount "128"]
[EventDate "2025.04.09"]
[EventType "swiss"]
[EventCountry "ISL"]
[SourceTitle "playchess.com"]
[Source "ChessBase"]
[SourceQuality "1"]
[TimeControl "40/5400+30:1800+30"]

1. e4 e5 2. Nf3 Nc6 3. Nc3 Nf6 4. a3 a6 5. d4 exd4 6. Nxd4 Nxd4 7. Qxd4 d6 8. Bg5 Be7 9. O-O-O O-O 10. f4 Ne8 11. Bxe7 Qxe7 12. Nd5 Qd8 13. Be2 b5 14. g4 c6 15. Ne3 Qa5 16. Rhg1 Rb8 17. Rg3 c5 18. Qd3 c4 19. Qd4 Qb6 20. Qc3 f6 21. h4 Rf7 22. g5 fxg5 23. Bh5 g6 24. Rxg5 Rg7 25. Bf3 Be6 26. h5 b4 27. axb4 Qxb4 28. Qxb4 Rxb4 29. hxg6 Rxg6 30. Rdg1 Rxg5 31. Rxg5+ Kf8 32. Ra5 Nc7 33. c3 Rb5 34. Ra4 Rc5 35. Be2 d5 36. exd5 Nxd5 37. Nxd5 Bxd5 38. Rxa6 Be4 39. Kd2 Kg7 40. Ke3 Bc2 41. Rb6 h5 42. Bf3 h4 43. Rc6 Rb5 44. Rxc4 Rxb2 45. Rc7+ Kf6 46. Rc6+ Kg7 47. Rc5 Bg6 48. f5 Bf7 49. Kf4 h3 50. Kg3 h2 51. Bg2 Kf6 52. Kxh2 Rf2 53. Kg3 Rxf5 54. Rc6+ Ke5 55. Rc5+ Kf6 56. Rc7 Ke5 57. Bh3 Rf6 58. Re7+ Kd6 59. Re3 Kc5 60. Kh4 Bd5 61. Bg4 Kc4 62. Be2+ Kc5 63. Kg5 Re6 64. Rxe6 Bxe6 1/2-1/2

[Event "Reykjavik Open 2025"]
[Site "Reykjavik"]
[Date "2025.04.13"]
[Round "6.30"]
[White "Cramling Bellon, Anna"]
[Black "Dembele, Marcel"]
[Result "1-0"]
[Annotator "NA"]
[ECO "E73"]
[WhiteElo "2046"]
[BlackElo "1837"]
[PlyCount "45"]
[EventDate "2025.04.09"]
[EventType "swiss"]
[EventCountry "ISL"]
[SourceTitle "playchess.com"]
[Source "ChessBase"]
[SourceQuality "1"]
[TimeControl "40/5400+30:1800+30"]

1. d4 Nf6 2. c4 g6 3. Nc3 Bg7 4. e4 d6 5. Be2 O-O 6. Be3 e5 7. d5 Na6 8. g4 Nc5 9. f3 a5 10. Nh3 h5 11. Nf2 c6 12. Qd2 cxd5 13. cxd5 b5 14. Nxb5 hxg4 15. Bxc5 dxc5 16. fxg4 Qb6 17. a4 Ba6 18. h4 Nh7 19. g5 f5 20. d6 Bb7 21. h5 Kf7 22. hxg6+ Kxg6 23. Bh5# 1-0

[Event "Reykjavik Open 2025"]
[Site "Reykjavik"]
[Date "2025.04.13"]
[Round "6.31"]
[White "Williams, Simon K"]
[Black "Priansh Das"]
[Result "1/2-1/2"]
[Annotator "ChessBase"]
[ECO "A48"]
[WhiteElo "2451"]
[BlackElo "2262"]
[PlyCount "50"]
[EventDate "2025.04.09"]
[EventType "swiss"]
[EventCountry "ISL"]
[SourceTitle "playchess.com"]
[Source "ChessBase"]
[SourceQuality "1"]
[TimeControl "40/5400+30:1800+30"]

1. d4 Nf6 2. Bg5 g6 3. Nf3 Bg7 4. Nbd2 d6 5. c3 h6 6. Bh4 O-O 7. e3 Qe8 8. Bc4 b5 9. Bb3 Bb7 10. a4 a6 11. O-O e5 12. axb5 axb5 13. Rxa8 Bxa8 14. dxe5 dxe5 15. Bxf6 Bxf6 16. Qe2 c5 17. Ra1 Bb7 18. e4 c4 19. Bc2 Qc6 20. Nf1 Na6 21. Ne3 Qe6 22. Nd5 Bg7 23. Qe3 Bxd5 24. exd5 Qd6 25. Ra5 Nc7 1/2-1/2

[Event "Reykjavik Open 2025"]
[Site "Reykjavik"]
[Date "2025.04.13"]
[Round "6.32"]
[White "Kavutskiy, Kostya"]
[Black "Muench, Robert"]
[Result "1-0"]
[Annotator "ChessBase"]
[ECO "B27"]
[WhiteElo "2351"]
[BlackElo "2027"]
[PlyCount "57"]
[EventDate "2025.04.09"]
[EventType "swiss"]
[EventCountry "ISL"]
[SourceTitle "playchess.com"]
[Source "ChessBase"]
[SourceQuality "1"]
[TimeControl "40/5400+30:1800+30"]

1. e4 c5 2. Nf3 g6 3. c3 d5 4. e5 Nc6 5. Bb5 Qb6 6. Qe2 Bg4 7. O-O Bxf3 8. Bxc6+ Qxc6 9. Qxf3 d4 10. Qxc6+ bxc6 11. d3 Bg7 12. Re1 f6 13. e6 dxc3 14. Nxc3 Rd8 15. Be3 Rxd3 16. Rad1 c4 17. Bxa7 Nh6 18. Rxd3 cxd3 19. Rd1 O-O 20. Rxd3 Rc8 21. Rd7 Bf8 22. a4 Nf5 23. Ne4 c5 24. Nxc5 Ng7 25. g3 Rc6 26. b4 Nxe6 27. Nxe6 Rxe6 28. Be3 Ra6 29. Ra7 1-0

[Event "Reykjavik Open 2025"]
[Site "Reykjavik"]
[Date "2025.04.13"]
[Round "6.33"]
[White "Benavente, Christian"]
[Black "Petersen, Marcel"]
[Result "0-1"]
[Annotator "ChessBase"]
[ECO "D30"]
[WhiteElo "1938"]
[BlackElo "2185"]
[PlyCount "56"]
[EventDate "2025.04.09"]
[EventType "swiss"]
[EventCountry "ISL"]
[SourceTitle "playchess.com"]
[Source "ChessBase"]
[SourceQuality "1"]
[TimeControl "40/5400+30:1800+30"]

1. d4 Nf6 2. Nf3 d5 3. c4 e6 4. Bf4 Bb4+ 5. Nbd2 O-O 6. e3 c5 7. dxc5 Bxc5 8. Be2 Nc6 9. O-O b6 10. Qc2 Bb7 11. Rfd1 Qe8 12. a3 Rc8 13. Rac1 a5 14. cxd5 Nxd5 15. Ng5 f5 16. Ndf3 Rd8 17. Nxe6 Qxe6 18. Ng5 Qg6 19. Qb3 Nce7 20. Rxc5 bxc5 21. Qxb7 Nxf4 22. exf4 Rxd1+ 23. Bxd1 h6 24. Bb3+ Kh8 25. Nf3 Qd6 26. Ne5 Kh7 27. h4 Rb8 28. Qf3 Ng6 0-1

[Event "Reykjavik Open 2025"]
[Site "Reykjavik"]
[Date "2025.04.13"]
[Round "6.34"]
[White "Donath, Simon"]
[Black "Saine, Zachary"]
[Result "0-1"]
[Annotator "NA"]
[ECO "C47"]
[WhiteElo "1761"]
[BlackElo "2019"]
[PlyCount "52"]
[EventDate "2025.04.09"]
[EventType "swiss"]
[EventCountry "ISL"]
[SourceTitle "playchess.com"]
[Source "ChessBase"]
[SourceQuality "1"]
[TimeControl "40/5400+30:1800+30"]

1. e4 e5 2. Nf3 Nc6 3. d4 exd4 4. Nxd4 Nf6 5. Nc3 Bb4 6. Nxc6 bxc6 7. Bd3 d6 8. Bd2 Nd7 9. Qg4 O-O 10. O-O Ne5 11. Qg3 Nxd3 12. cxd3 Qf6 13. f4 Ba6 14. Rf3 Rab8 15. f5 Bc5+ 16. Kh1 Rxb2 17. Bc1 Rc2 18. d4 Bxd4 19. Bg5 Qe5 20. Bf4 Qa5 21. e5 Bxe5 22. Bxe5 Qxe5 23. Qh3 Re8 24. f6 Qe1+ 25. Rf1 Bxf1 26. Rxe1 Bxg2+ 0-1

[Event "Reykjavik Open 2025"]
[Site "Reykjavik"]
[Date "2025.04.13"]
[Round "6.36"]
[White "Bailet, Pierre"]
[Black "Ragnarsson, Johann"]
[Result "1-0"]
[Annotator "ChessBase"]
[ECO "B11"]
[WhiteElo "2495"]
[BlackElo "1908"]
[PlyCount "57"]
[EventDate "2025.04.09"]
[EventType "swiss"]
[EventCountry "ISL"]
[SourceTitle "playchess.com"]
[Source "ChessBase"]
[SourceQuality "1"]
[TimeControl "40/5400+30:1800+30"]

1. e4 c6 2. Nf3 d5 3. Nc3 Bg4 4. h3 Bxf3 5. Qxf3 e6 6. Be2 Nf6 7. O-O Nxe4 8. Nxe4 dxe4 9. Qxe4 Qd5 10. Qa4 Nd7 11. Bf3 Nb6 12. Qb3 Qxb3 13. axb3 Bd6 14. d4 Nd5 15. Bd2 O-O 16. c4 Nf6 17. b4 a6 18. Bc3 Rfe8 19. Rfd1 e5 20. dxe5 Bxe5 21. Bxe5 Rxe5 22. b5 Rc5 23. bxc6 bxc6 24. Rxa6 Rc8 25. Rxc6 R5xc6 26. Bxc6 Kf8 27. Bb5 Ne4 28. Rd4 Nc5 29. b4 1-0

[Event "Reykjavik Open 2025"]
[Site "Reykjavik"]
[Date "2025.04.13"]
[Round "6.37"]
[White "Niermann, Tristan"]
[Black "Allard, Thomas"]
[Result "1/2-1/2"]
[Annotator "ChessBase"]
[ECO "A37"]
[WhiteElo "2427"]
[BlackElo "2053"]
[PlyCount "118"]
[EventDate "2025.04.09"]
[EventType "swiss"]
[EventCountry "ISL"]
[SourceTitle "playchess.com"]
[Source "ChessBase"]
[SourceQuality "1"]
[TimeControl "40/5400+30:1800+30"]

1. c4 c5 2. g3 g6 3. Bg2 Bg7 4. Nc3 Nc6 5. Nf3 e5 6. a3 a5 7. d3 d6 8. Nd2 Nge7 9. Nf1 O-O 10. Ne3 Rb8 11. Rb1 Nd4 12. b4 axb4 13. axb4 cxb4 14. Rxb4 Qa5 15. Ned5 Nec6 16. Ra4 Qd8 17. Ba3 Be6 18. Qc1 Nb3 19. Qb2 Nc5 20. Bxc5 dxc5 21. Qb5 Qg5 22. O-O f5 23. Qxc5 Kh8 24. e3 h5 25. Rb1 h4 26. Nb5 hxg3 27. hxg3 f4 28. Ndc7 Bf5 29. exf4 exf4 30. Ne6 Qg4 31. Nxf4 Ne5 32. Qe3 g5 33. c5 gxf4 34. Rxf4 Qg6 35. Nd6 Ng4 36. Nxf5 Rxf5 37. Qe4 Rg5 38. c6 Qxe4 39. Bxe4 Be5 40. Rf7 bxc6 41. Rxb8+ Bxb8 42. Bxc6 Ne5 43. Rf8+ Rg8 44. Rxg8+ Kxg8 45. Be4 Ba7 46. Kg2 Kg7 47. f4 Nf7 48. g4 Kf6 49. Kf3 Bd4 50. Bd5 Nd6 51. g5+ Kg7 52. Kg4 Bb2 53. Be6 Bd4 54. f5 Bb2 55. Kf4 Bd4 56. f6+ Bxf6 57. gxf6+ Kxf6 58. d4 Kxe6 59. d5+ Kxd5 1/2-1/2

[Event "Reykjavik Open 2025"]
[Site "Reykjavik"]
[Date "2025.04.13"]
[Round "6.38"]
[White "Fantinel, Thibault"]
[Black "Roubert, Emile"]
[Result "1-0"]
[Annotator "ChessBase"]
[ECO "C79"]
[WhiteElo "2411"]
[BlackElo "2050"]
[PlyCount "93"]
[EventDate "2025.04.09"]
[EventType "swiss"]
[EventCountry "ISL"]
[SourceTitle "playchess.com"]
[Source "ChessBase"]
[SourceQuality "1"]
[TimeControl "40/5400+30:1800+30"]

1. e4 e5 2. Nf3 Nc6 3. Bb5 a6 4. Ba4 Nf6 5. O-O d6 6. Re1 Bd7 7. c3 g6 8. d4 Bg7 9. h3 O-O 10. Bc2 Nh5 11. Be3 Qe8 12. Nbd2 Kh8 13. Nc4 b5 14. Ncd2 f5 15. dxe5 f4 16. Bd4 dxe5 17. Bc5 Rf6 18. a4 Rb8 19. axb5 axb5 20. b4 Bf8 21. Bxf8 Rxf8 22. Bd3 Nf6 23. Qe2 Nd8 24. Nb3 c6 25. Ra7 Rf7 26. Nc5 Bc8 27. Rea1 Nd7 28. Na6 Bxa6 29. R1xa6 Nb6 30. c4 Rxa7 31. Rxa7 Nc8 32. Ra6 bxc4 33. Bxc4 Nd6 34. Ba2 N8f7 35. Qc2 Rxb4 36. Rxc6 Rb8 37. Bd5 Rd8 38. Qc5 Kg7 39. Qc3 Rd7 40. Rc5 Re7 41. Qa1 Qb8 42. Kh2 Qb6 43. Qc3 Qb8 44. Rc6 Qe8 45. Qb4 Qd8 46. Qa3 Qb8 47. Bxf7 1-0

[Event "Reykjavik Open 2025"]
[Site "Reykjavik"]
[Date "2025.04.13"]
[Round "6.39"]
[White "Heimisson, Hilmir Freyr"]
[Black "Boer, Alef"]
[Result "1-0"]
[Annotator "ChessBase"]
[ECO "D35"]
[WhiteElo "2376"]
[BlackElo "2044"]
[PlyCount "53"]
[EventDate "2025.04.09"]
[EventType "swiss"]
[EventCountry "ISL"]
[SourceTitle "playchess.com"]
[Source "ChessBase"]
[SourceQuality "1"]
[TimeControl "40/5400+30:1800+30"]

1. d4 d5 2. c4 e6 3. Nc3 Nf6 4. cxd5 exd5 5. Bg5 c6 6. e3 a6 7. Bd3 Be6 8. Nge2 h6 9. Bh4 Be7 10. f3 b5 11. Bf2 a5 12. O-O O-O 13. Rc1 Re8 14. h3 a4 15. e4 Qa5 16. e5 Nh7 17. f4 b4 18. f5 Bc8 19. Nb1 Ba6 20. f6 gxf6 21. Bh4 Bxd3 22. Qxd3 Qd8 23. Ng3 fxe5 24. Nf5 e4 25. Qg3+ Ng5 26. Nxh6+ Kh7 27. Nxf7 1-0

[Event "Reykjavik Open 2025"]
[Site "Reykjavik"]
[Date "2025.04.13"]
[Round "6.40"]
[White "De Seroux, Camille"]
[Black "Thorfinnsson, Bragi"]
[Result "0-1"]
[Annotator "ChessBase"]
[ECO "C41"]
[WhiteElo "2049"]
[BlackElo "2375"]
[PlyCount "78"]
[EventDate "2025.04.09"]
[EventType "swiss"]
[EventCountry "ISL"]
[SourceTitle "playchess.com"]
[Source "ChessBase"]
[SourceQuality "1"]
[TimeControl "40/5400+30:1800+30"]

1. e4 d6 2. d4 Nf6 3. Nc3 Nbd7 4. Nf3 e5 5. Bc4 Be7 6. O-O c6 7. a4 Qc7 8. Re1 O-O 9. Ba2 h6 10. h3 Re8 11. Qd3 Nf8 12. Qc4 Bd8 13. Be3 Be6 14. Qd3 Bxa2 15. Rxa2 Ng6 16. Raa1 Qe7 17. dxe5 dxe5 18. Ne2 Nh5 19. Qb3 Ba5 20. c3 Qc7 21. Rad1 Bb6 22. Bxb6 Qxb6 23. Qxb6 axb6 24. Rd7 Rxa4 25. Rxb7 b5 26. b4 Rd8 27. Rc7 Ra6 28. Rc1 Nf6 29. Ng3 Ne8 30. Rb7 Nd6 31. Rc7 Nc4 32. Nf5 Nf4 33. Re1 Kf8 34. g3 Ne6 35. Rb7 g6 36. N3h4 gxf5 37. exf5 Nd6 38. fxe6 Nxb7 39. Rxe5 Re8 0-1

[Event "Reykjavik Open 2025"]
[Site "Reykjavik"]
[Date "2025.04.13"]
[Round "6.41"]
[White "Cigan, Jason"]
[Black "Song, Yuxin"]
[Result "0-1"]
[Annotator "ChessBase"]
[ECO "B80"]
[WhiteElo "2044"]
[BlackElo "2371"]
[PlyCount "46"]
[EventDate "2025.04.09"]
[EventType "swiss"]
[EventCountry "ISL"]
[SourceTitle "playchess.com"]
[Source "ChessBase"]
[SourceQuality "1"]
[TimeControl "40/5400+30:1800+30"]

1. e4 c5 2. Nf3 d6 3. d4 cxd4 4. Nxd4 Nf6 5. Nc3 a6 6. f3 e6 7. Be3 b5 8. Qd2 Bb7 9. g4 Nfd7 10. O-O-O Nb6 11. Nb3 b4 12. Nb1 Nc6 13. Na5 Nxa5 14. Qxb4 Nbc4 15. Bxc4 d5 16. Bc5 Bxc5 17. Qxc5 Nxc4 18. exd5 Bxd5 19. Nc3 Rc8 20. Qb4 Qg5+ 21. Kb1 Nd2+ 22. Ka1 Bxf3 23. h4 Qc5 0-1